Canucks vs Penguins
Created - March 6, 2021 at 19:37
Goals
|
| Canucks |
1 |
1 |
1 |
3 |
| Penguins |
3 |
4 |
1 |
8 |
|
Shots
|
| Canucks |
12 |
15 |
17 |
44 |
| Penguins |
14 |
13 |
3 |
30 |
|
1st period
1. Canucks , Robert Nilsson 33 (Tyler Toffoli 31, Loui Eriksson 18) at 0:06
2. Penguins , Daniel Carcillo 10 (Jeff Schultz 19) at 2:39
3. Penguins , Marcus Foligno 8 (Eric Gryba 6, Sean Monahan 12) at 16:05
4. Penguins , Steven Stamkos 41 (Jake McCabe 11, Jeff Schultz 20) at 18:21
Penalties :
No Penalty
2nd period
5. Penguins , Daniel Carcillo 11 (Joe Colborne 12, Keith Aulie 27) at 2:14
6. Canucks , Tyler Toffoli 26 (Robert Nilsson 35, Kurtis Foster 3) at 2:32
7. Penguins , Nikita Kucherov 22 (Steven Stamkos 43) at 6:06 (PP)
8. Penguins , Gilbert Brule 28 (Mark Stone 6, Andrew Cogliano 37) at 9:07
9. Penguins , Marcus Foligno 9 (Marian Hossa 5, Sean Monahan 13) at 14:18
Penalties :
Lane MacDermid (Van) for Holding Stick (Minor) at 5:52, Daniel Sedin (Van) for Cross-checking (Minor) at 6:40
3rd period
10. Penguins , Gilbert Brule 29 (Jake McCabe 12) at 5:49
11. Canucks , Brandon Sutter 17 (Drew Fata 18) at 17:09
Penalties :
Daniel Carcillo (Pit) for Roughing (Minor) at 18:05
Goalie Stats
Kari Lehtonen (Van), 14 saves from 18 shots - (0.778), L, 17-13-2, 36:25 minutes
Braden Holtby (Van), 8 saves from 12 shots - (0.667), 23:35 minutes
Michal Neuvirth (Pit), 41 saves from 44 shots - (0.932), W, 24-18-6, 60:00 minutes
Players Stats for Canucks
Player Name G A P +/- PIM S H SB GA TA FO MP PP MP PK MP
------------------------------------------------------------------------------------
Brandon Sutter 1 0 1 0 0 4 2 0 1 1 3/10 18:56 0:00 0:25
Daniel Sedin 0 0 0 0 2 3 0 0 0 0 0/0 18:42 0:00 0:00
Drew Fata 0 1 1 0 0 2 0 1 1 0 0/0 28:39 0:00 1:20
James Wright 0 0 0 -1 0 0 3 0 0 0 4/6 9:56 0:00 0:00
Jason Akeson 0 0 0 -1 0 2 0 0 0 0 0/0 11:08 1:12 0:00
Jeremy Morin 0 0 0 0 0 4 2 1 0 1 0/0 18:31 0:00 0:00
Jonathan Blum 0 0 0 -2 0 0 1 1 0 1 0/0 12:40 1:06 0:00
Kurtis Foster 0 1 1 0 0 3 4 3 0 2 0/0 28:39 0:00 1:20
Lane MacDermid 0 0 0 -2 2 0 0 0 0 0 0/0 8:31 0:00 0:00
Loui Eriksson 0 1 1 -1 0 5 2 0 2 0 2/2 19:49 0:42 0:25
Mike Komisarek 0 0 0 -2 0 2 1 3 2 0 0/0 18:45 0:52 0:53
Robert Nilsson 1 1 2 -1 0 3 1 1 0 0 23/37 21:24 0:42 1:48
Ryane Clowe 0 0 0 -1 0 1 1 0 0 0 0/0 11:08 1:12 0:00
Sergey Kalinin 0 0 0 -2 0 2 0 0 0 0 1/4 8:32 0:00 0:00
Seth Helgeson 0 0 0 -2 0 1 1 0 0 1 0/0 18:43 0:50 0:53
Spencer Machacek 0 0 0 -2 0 3 0 1 0 0 0/0 9:44 1:12 0:00
Tyler Toffoli 1 1 2 -1 0 7 0 2 1 1 0/0 21:24 0:42 1:48
Wiley Sherman 0 0 0 -2 0 2 0 1 0 0 0/0 12:34 1:00 0:00
Players Stats for Penguins
Player Name G A P +/- PIM S H SB GA TA FO MP PP MP PK MP
------------------------------------------------------------------------------------
Alexei Marchenko 0 0 0 0 0 0 0 1 3 2 0/0 14:53 0:00 0:00
Andrew Cogliano 0 1 1 2 0 1 1 2 0 0 0/0 16:42 0:00 1:02
Cal Clutterbuck 0 0 0 2 0 0 2 1 1 0 0/0 10:27 0:00 0:00
Daniel Carcillo 2 0 2 2 2 2 0 2 0 1 1/1 10:26 0:00 0:00
Danny DeKeiser 0 0 0 0 0 1 1 0 0 1 0/0 27:29 2:13 1:10
Eric Gryba 0 1 1 0 0 0 2 0 0 0 0/0 14:53 0:00 0:00
Gilbert Brule 2 0 2 2 0 5 1 2 0 0 10/22 16:15 0:00 0:35
Jake McCabe 0 2 2 4 0 0 1 1 0 0 0/0 17:38 0:00 0:44
Jeff Schultz 0 2 2 4 0 2 3 0 0 0 0/0 17:38 0:00 0:44
Jeff Skinner 0 0 0 -1 0 1 1 1 0 0 1/1 21:39 2:13 0:35
Joe Colborne 0 1 1 2 0 2 2 0 0 1 3/4 10:44 0:00 0:17
Keith Aulie 0 1 1 0 0 1 2 4 0 1 0/0 27:29 2:13 1:10
Marcus Foligno 2 0 2 1 0 3 0 0 0 0 0/0 10:55 0:00 0:00
Marian Hossa 0 1 1 1 0 0 0 0 0 0 0/0 10:55 0:00 0:00
Mark Stone 0 1 1 2 0 0 0 0 0 0 0/1 15:40 0:00 0:00
Nikita Kucherov 1 0 1 -1 0 5 3 0 0 0 0/0 21:21 2:13 0:17
Sean Monahan 0 2 2 1 0 1 0 0 2 1 0/2 10:55 0:00 0:00
Steven Stamkos 1 1 2 -1 0 6 1 3 1 0 11/28 22:06 2:13 1:02
3 Stars
1 - Gilbert Brule (Pit)
2 - Jeff Schultz (Pit)
3 - Marcus Foligno (Pit)
Power Play
Canucks - 0 on 1 Attempt(s) - 0.00%
Penguins - 1 on 2 Attempt(s) - 50.00%
Penalty Kill
Canucks - 1 on 2 Attempt(s) - 50.00%
- Score 0 goal in Penalty Kill
Penguins - 1 on 1 Attempt(s) - 100.00%
- Score 0 goal in Penalty Kill
Team Stat
Canucks - Hits : 18 - Faceoff Wins : 33 - Blocked Shots : 14 - Penalty Minutes : 4
Penguins - Hits : 20 - Faceoff Wins : 26 - Blocked Shots : 17 - Penalty Minutes : 2
Official
Referees : Unknown
Linesman : Unknown
Game Notes
Braden Holtby enters game at 2:14 of 2nd period
Kari Lehtonen enters game at 5:49 of 3rd period
Finance
Level 1 -- Attendance: 4510 (75.17%) -- Ticket Income $541,200
Level 2 -- Attendance: 4210 (84.20%) -- Ticket Income $294,700
Level 3 -- Attendance: 1662 (83.10%) -- Ticket Income $74,790
Level 4 -- Attendance: 2579 (64.48%) -- Ticket Income $90,265
Luxury Box -- Attendance: 740 (74.00%) -- Ticket Income $148,000
Game was played at the Igloo.
Total Attendance: 13701 (76.12%)
Total Ticket Income: $1,148,955
Other Income: $172,343
Total Income: $1,321,298
Canucks
5 vs 5 Forward
Center Left Wing Right Wing Time % Phy DF OF
1 Robert Nilsson Loui Eriksson Tyler Toffoli 40 1 2 2
2 Brandon Sutter Daniel Sedin Jeremy Morin 30 1 2 2
3 James Wright Ryane Clowe Jason Akeson 20 1 2 2
4 Sergey Kalinin Lane MacDermid Spencer Machacek 10 1 2 2
5 vs 5 Defense
Defense Defense Time % Phy DF OF
1 Drew Fata Kurtis Foster 40 1 2 2
2 Seth Helgeson Mike Komisarek 30 1 2 2
3 Jonathan Blum Wiley Sherman 20 1 2 2
4 Drew Fata Kurtis Foster 10 1 2 2
PowerPlay Forward
Center Left Wing Right Wing Time % Phy DF OF
1 Robert Nilsson Loui Eriksson Tyler Toffoli 60 1 2 2
2 Brandon Sutter Daniel Sedin Jeremy Morin 40 1 2 2
PowerPlay Defense
Defense Defense Time % Phy DF OF
1 Drew Fata Kurtis Foster 60 1 2 2
2 Seth Helgeson Mike Komisarek 40 1 2 2
Penalty Kill 4 Players Forward
Center Wing Time % Phy DF OF
1 Robert Nilsson Tyler Toffoli 60 1 2 2
2 Brandon Sutter Loui Eriksson 40 1 2 2
Penalty Kill 4 Players Defense
Defense Defense Time % Phy DF OF
1 Drew Fata Kurtis Foster 60 1 2 2
2 Seth Helgeson Mike Komisarek 40 1 2 2
Penalty Kill - 3 Players Forward
Forward Time % Phy DF OF
1 Robert Nilsson 60 1 2 2
2 Tyler Toffoli 40 1 2 2
Penalty Kill - 3 Players Defense
Defense Defense Time % Phy DF OF
1 Drew Fata Kurtis Foster 60 1 2 2
2 Seth Helgeson Mike Komisarek 40 1 2 2
4 vs 4 Forward
Center Wing Time % Phy DF OF
1 Robert Nilsson Tyler Toffoli 60 1 2 2
2 Brandon Sutter Loui Eriksson 40 1 2 2
4 vs 4 Defense
Defense Defense Time % Phy DF OF
1 Drew Fata Kurtis Foster 60 1 2 2
2 Seth Helgeson Mike Komisarek 40 1 2 2
Last Minutes Offensive
Center Left Wing Right Wing Defense Defense
Robert Nilsson Loui Eriksson Tyler Toffoli Drew Fata Kurtis Foster
Last Minutes Defensive
Center Left Wing Right Wing Defense Defense
Robert Nilsson Loui Eriksson Tyler Toffoli Drew Fata Kurtis Foster
Goaltenders
Starting : Kari Lehtonen
Backup : Braden Holtby
Extra Forwards
Normal : Jason Akeson, Ryane Clowe, James Wright - PP : Jason Akeson, Ryane Clowe - PK : James Wright
Extra Defensemen
Normal : Jonathan Blum, Wiley Sherman, Seth Helgeson - PP : Jonathan Blum - PK : Wiley Sherman, Seth Helgeson
Penalty Shots
Robert Nilsson, Tyler Toffoli, Brandon Sutter, Loui Eriksson, Daniel Sedin
Scratches
Andy Rogers (Abdominal Strain Injury), Steve Eminger (Torn Left MCL Injury), Colton Gillies (Healthy)
Penguins
5 vs 5 Forward
Center Left Wing Right Wing Time % Phy DF OF
1 Steven Stamkos Jeff Skinner Nikita Kucherov 40 0 2 3
2 Gilbert Brule Andrew Cogliano Mark Stone 30 0 2 3
3 Joe Colborne Daniel Carcillo Cal Clutterbuck 20 0 2 3
4 Sean Monahan Marcus Foligno Marian Hossa 10 0 2 3
5 vs 5 Defense
Defense Defense Time % Phy DF OF
1 Danny DeKeiser Keith Aulie 40 1 2 2
2 Jeff Schultz Jake McCabe 30 1 2 2
3 Alexei Marchenko Eric Gryba 20 1 2 2
4 Danny DeKeiser Keith Aulie 10 1 2 2
PowerPlay Forward
Center Left Wing Right Wing Time % Phy DF OF
1 Steven Stamkos Jeff Skinner Nikita Kucherov 60 0 1 4
2 Gilbert Brule Andrew Cogliano Mark Stone 40 0 1 4
PowerPlay Defense
Defense Defense Time % Phy DF OF
1 Danny DeKeiser Keith Aulie 60 0 2 3
2 Jeff Schultz Jake McCabe 40 0 2 3
Penalty Kill 4 Players Forward
Center Wing Time % Phy DF OF
1 Steven Stamkos Daniel Carcillo 60 1 3 1
2 Joe Colborne Cal Clutterbuck 40 1 3 1
Penalty Kill 4 Players Defense
Defense Defense Time % Phy DF OF
1 Danny DeKeiser Keith Aulie 60 1 3 1
2 Jeff Schultz Jake McCabe 40 1 3 1
Penalty Kill - 3 Players Forward
Forward Time % Phy DF OF
1 Daniel Carcillo 60 1 3 1
2 Cal Clutterbuck 40 1 3 1
Penalty Kill - 3 Players Defense
Defense Defense Time % Phy DF OF
1 Danny DeKeiser Keith Aulie 60 1 3 1
2 Jeff Schultz Jake McCabe 40 1 3 1
4 vs 4 Forward
Center Wing Time % Phy DF OF
1 Steven Stamkos Nikita Kucherov 60 0 2 3
2 Gilbert Brule Andrew Cogliano 40 0 2 3
4 vs 4 Defense
Defense Defense Time % Phy DF OF
1 Danny DeKeiser Keith Aulie 60 1 2 2
2 Jeff Schultz Jake McCabe 40 1 2 2
Last Minutes Offensive
Center Left Wing Right Wing Defense Defense
Steven Stamkos Jeff Skinner Nikita Kucherov Danny DeKeiser Keith Aulie
Last Minutes Defensive
Center Left Wing Right Wing Defense Defense
Steven Stamkos Daniel Carcillo Cal Clutterbuck Danny DeKeiser Keith Aulie
Goaltenders
Starting : Michal Neuvirth
Backup : Sergei Bobrovsky
Extra Forwards
Normal : Steven Stamkos, Andrew Cogliano, Marcus Foligno - PP : Steven Stamkos, Andrew Cogliano - PK : Daniel Carcillo
Extra Defensemen
Normal : Danny DeKeiser, Jeff Schultz, Alexei Marchenko - PP : Keith Aulie - PK : Danny DeKeiser, Jeff Schultz
Penalty Shots
Nikita Kucherov, Steven Stamkos, Andrew Cogliano, Gilbert Brule, Jeff Skinner
Scratches
Andreas Martinsen (Healthy), Sean Zimmerman (Sore Right Knee Injury)
% Time on Ice - Canucks
Lines # - Real PCT - Wanted PCT - Time Play
Normal Forward
1 - 34% - 40% - 18:54
2 - 33% - 30% - 18:31
3 - 18% - 20% - 9:56
4 - 15% - 10% - 8:32
Normal Defense
1 - 42% - 40% - 23:33
2 - 30% - 30% - 17:00
3 - 21% - 20% - 11:34
4 - 7% - 10% - 3:46
PP Forward
1 - 100% - 60% - 1:54
2 - 0% - 40% - 0:00
PP Defense
1 - 0% - 60% - 0:00
2 - 100% - 40% - 1:54
PK Forward
1 - 81% - 60% - 1:48
2 - 19% - 40% - 0:25
PK Defense
1 - 60% - 60% - 1:20
2 - 40% - 40% - 0:53
PK3 Forward
1 - 0% - 60%
2 - 0% - 40%
PK3 Defense
1 - 0% - 60%
2 - 0% - 40%
44 Forward
1 - 0% - 60%
2 - 0% - 40%
44 Defense
1 - 0% - 60%
2 - 0% - 40%
Last Minute Offensive - 0:00
Last Minute Defensive - 0:00
Total
Forward - 60:00
Defense - 60:00
|
% Time on Ice - Penguins
Lines # - Real PCT - Wanted PCT - Time Play
Normal Forward
1 - 34% - 40% - 18:51
2 - 28% - 30% - 15:40
3 - 19% - 20% - 10:27
4 - 20% - 10% - 10:55
Normal Defense
1 - 36% - 40% - 20:02
2 - 30% - 30% - 16:54
3 - 27% - 20% - 14:53
4 - 7% - 10% - 4:04
PP Forward
1 - 100% - 60% - 2:13
2 - 0% - 40% - 0:00
PP Defense
1 - 100% - 60% - 2:13
2 - 0% - 40% - 0:00
PK Forward
1 - 100% - 60% - 1:54
2 - 0% - 40% - 0:00
PK Defense
1 - 61% - 60% - 1:10
2 - 39% - 40% - 0:44
PK3 Forward
1 - 0% - 60%
2 - 0% - 40%
PK3 Defense
1 - 0% - 60%
2 - 0% - 40%
44 Forward
1 - 0% - 60%
2 - 0% - 40%
44 Defense
1 - 0% - 60%
2 - 0% - 40%
Last Minute Offensive - 0:00
Last Minute Defensive - 0:00
Total
Forward - 60:00
Defense - 60:00
|
Play-by-Play
1st period
0:01 of 1st period - Loui Eriksson wins face-off versus Steven Stamkos in neutral zone.
0:06 of 1st period - Snap shot by Robert Nilsson.
0:06 of 1st period - Goal by Robert Nilsson - Canucks : 1 - Penguins : 0.
0:07 of 1st period - Gilbert Brule wins face-off versus Brandon Sutter in neutral zone.
0:10 of 1st period - Seth Helgeson is hit by Jeff Schultz and loses puck.
0:17 of 1st period - Jake McCabe is hit by Jeremy Morin.
0:23 of 1st period - Snap shot by Jeremy Morin.
0:23 of 1st period - Stopped by Michal Neuvirth without a rebound.
0:24 of 1st period - Daniel Carcillo wins face-off versus James Wright in Penguins zone.
0:50 of 1st period - Jeff Skinner is hit by Loui Eriksson and loses puck.
1:17 of 1st period - Wrist shot by Gilbert Brule.
1:17 of 1st period - Stopped by Kari Lehtonen with a rebound.
1:43 of 1st period - Snap shot by Jeremy Morin.
1:43 of 1st period - Stopped by Michal Neuvirth with a rebound.
2:03 of 1st period - Snap shot by Sean Monahan.
2:03 of 1st period - Shot Misses the Net.
2:05 of 1st period - Snap shot by Marcus Foligno.
2:05 of 1st period - Stopped by Kari Lehtonen with a rebound.
2:39 of 1st period - Wrist shot by Daniel Carcillo.
2:39 of 1st period - Goal by Daniel Carcillo - Canucks : 1 - Penguins : 1.
2:40 of 1st period - Robert Nilsson wins face-off versus Steven Stamkos in neutral zone.
3:06 of 1st period - Icing by Jeremy Morin.
3:07 of 1st period - Joe Colborne wins face-off versus Brandon Sutter in Canucks zone.
3:34 of 1st period - Jonathan Blum is hit by Nikita Kucherov and loses puck.
3:39 of 1st period - Wrist shot by Steven Stamkos.
3:39 of 1st period - Stopped by Kari Lehtonen with a rebound.
3:41 of 1st period - Slapshot by Eric Gryba.
3:41 of 1st period - Shot Blocked by Jonathan Blum.
3:45 of 1st period - Snap shot by Nikita Kucherov.
3:45 of 1st period - Shot Misses the Net.
4:07 of 1st period - Snap shot by Sean Monahan.
4:07 of 1st period - Shot Misses the Net.
4:09 of 1st period - Snap shot by Marcus Foligno.
4:09 of 1st period - Deflect By Sean Monahan.
4:09 of 1st period - Stopped by Kari Lehtonen with a rebound.
4:44 of 1st period - Slapshot by Jeremy Morin.
4:44 of 1st period - Shot Blocked by Daniel Carcillo.
4:46 of 1st period - Snap shot by Jeremy Morin.
4:46 of 1st period - Shot Misses the Net.
4:48 of 1st period - Wrist shot by Daniel Sedin.
4:48 of 1st period - Stopped by Michal Neuvirth with a rebound.
4:50 of 1st period - Snap shot by Jeremy Morin.
4:50 of 1st period - Shot Misses the Net.
4:52 of 1st period - Wrist shot by Jonathan Blum.
4:52 of 1st period - Shot Blocked by Keith Aulie.
4:54 of 1st period - Backhand shot by Jeremy Morin.
4:54 of 1st period - Stopped by Michal Neuvirth with a rebound.
5:06 of 1st period - Kurtis Foster is hit by Nikita Kucherov and loses puck.
5:31 of 1st period - Snap shot by Gilbert Brule.
5:31 of 1st period - Deflect By Drew Fata.
5:31 of 1st period - Shot Blocked by Spencer Machacek.
5:31 of 1st period - Puck is out of play.
5:32 of 1st period - Brandon Sutter wins face-off versus Gilbert Brule in Canucks zone.
6:19 of 1st period - Daniel Carcillo is hit by James Wright and loses puck.
6:28 of 1st period - Joe Colborne is hit by James Wright and loses puck.
6:49 of 1st period - Slapshot by Marcus Foligno.
6:49 of 1st period - Shot Misses the Net.
6:51 of 1st period - Wrist shot by Marian Hossa.
6:51 of 1st period - Shot Blocked by Drew Fata.
7:23 of 1st period - Snap shot by Sergey Kalinin.
7:23 of 1st period - Stopped by Michal Neuvirth with a rebound.
8:11 of 1st period - Wrist shot by Nikita Kucherov.
8:11 of 1st period - Shot Misses the Net.
9:14 of 1st period - Alexei Marchenko is hit by James Wright and loses puck.
9:29 of 1st period - Icing by Daniel Sedin.
9:30 of 1st period - Joe Colborne wins face-off versus Brandon Sutter in Canucks zone.
9:39 of 1st period - Slapshot by Brandon Sutter.
9:39 of 1st period - Stopped by Michal Neuvirth with a rebound.
9:41 of 1st period - Snap shot by Brandon Sutter.
9:41 of 1st period - Shot Blocked by Daniel Carcillo.
10:47 of 1st period - Wrist shot by Joe Colborne.
10:47 of 1st period - Stopped by Kari Lehtonen without a rebound.
10:48 of 1st period - Robert Nilsson wins face-off versus Steven Stamkos in Canucks zone.
11:03 of 1st period - Snap shot by Nikita Kucherov.
11:03 of 1st period - Stopped by Kari Lehtonen with a rebound.
11:34 of 1st period - Icing by James Wright.
11:35 of 1st period - Sergey Kalinin wins face-off versus Sean Monahan in Canucks zone.
11:35 of 1st period - Sergey Kalinin is hit by Eric Gryba.
12:06 of 1st period - Kurtis Foster is hit by Jeff Skinner and loses puck.
12:11 of 1st period - Snap shot by Steven Stamkos.
12:11 of 1st period - Stopped by Kari Lehtonen with a rebound.
13:23 of 1st period - Off-side.
13:24 of 1st period - Gilbert Brule wins face-off versus Robert Nilsson in neutral zone.
13:36 of 1st period - Icing by Danny DeKeiser.
13:37 of 1st period - Robert Nilsson wins face-off versus Gilbert Brule in Penguins zone.
14:28 of 1st period - Spencer Machacek is hit by Jeff Schultz and loses puck.
14:53 of 1st period - Wrist shot by Ryane Clowe.
14:53 of 1st period - Stopped by Michal Neuvirth with a rebound.
15:20 of 1st period - Danny DeKeiser is hit by Robert Nilsson and loses puck.
15:37 of 1st period - Steven Stamkos is hit by Brandon Sutter.
16:01 of 1st period - Snap shot by Marcus Foligno.
16:01 of 1st period - Shot Misses the Net.
16:03 of 1st period - Slapshot by Eric Gryba.
16:03 of 1st period - Shot Blocked by Wiley Sherman.
16:05 of 1st period - Slapshot by Marcus Foligno.
16:05 of 1st period - Goal by Marcus Foligno - Canucks : 1 - Penguins : 2.
16:06 of 1st period - Robert Nilsson wins face-off versus Steven Stamkos in neutral zone.
16:06 of 1st period - Robert Nilsson is hit by Eric Gryba.
16:10 of 1st period - Snap shot by Robert Nilsson.
16:10 of 1st period - Shot Misses the Net.
16:12 of 1st period - Slapshot by Drew Fata.
16:12 of 1st period - Stopped by Michal Neuvirth with a rebound.
17:13 of 1st period - Snap shot by Nikita Kucherov.
17:13 of 1st period - Stopped by Kari Lehtonen with a rebound.
17:23 of 1st period - Jake McCabe is hit by Mike Komisarek and loses puck.
17:32 of 1st period - Snap shot by Nikita Kucherov.
17:32 of 1st period - Shot Blocked by Mike Komisarek.
17:34 of 1st period - Slapshot by Jeff Schultz.
17:34 of 1st period - Shot Blocked by Mike Komisarek.
17:36 of 1st period - Slapshot by Jeff Schultz.
17:36 of 1st period - Stopped by Kari Lehtonen with a rebound.
17:48 of 1st period - Spencer Machacek is hit by Jake McCabe and loses puck.
18:09 of 1st period - Wrist shot by Steven Stamkos.
18:09 of 1st period - Stopped by Kari Lehtonen with a rebound.
18:11 of 1st period - Snap shot by Steven Stamkos.
18:11 of 1st period - Shot Misses the Net.
18:13 of 1st period - Slapshot by Jeff Schultz.
18:13 of 1st period - Shot Misses the Net.
18:15 of 1st period - Wrist shot by Steven Stamkos.
18:15 of 1st period - Shot Blocked by Mike Komisarek.
18:17 of 1st period - Slapshot by Jake McCabe.
18:17 of 1st period - Shot Misses the Net.
18:19 of 1st period - Slapshot by Jake McCabe.
18:19 of 1st period - Shot Misses the Net.
18:21 of 1st period - Slapshot by Steven Stamkos.
18:21 of 1st period - Goal by Steven Stamkos - Canucks : 1 - Penguins : 3.
18:22 of 1st period - Robert Nilsson wins face-off versus Gilbert Brule in neutral zone.
18:34 of 1st period - Off-side.
18:35 of 1st period - Robert Nilsson wins face-off versus Gilbert Brule in neutral zone.
18:38 of 1st period - Andrew Cogliano is hit by Kurtis Foster and loses puck.
18:45 of 1st period - Slapshot by Tyler Toffoli.
18:45 of 1st period - Shot Misses the Net.
18:47 of 1st period - Wrist shot by Loui Eriksson.
18:47 of 1st period - Stopped by Michal Neuvirth with a rebound.
18:49 of 1st period - Snap shot by Tyler Toffoli.
18:49 of 1st period - Shot Blocked by Gilbert Brule.
18:51 of 1st period - Slapshot by Tyler Toffoli.
18:51 of 1st period - Stopped by Michal Neuvirth with a rebound.
19:26 of 1st period - Alexei Marchenko is hit by Ryane Clowe and loses puck.
19:42 of 1st period - Icing by James Wright.
19:43 of 1st period - Gilbert Brule wins face-off versus Robert Nilsson in Canucks zone.
19:52 of 1st period - Slapshot by Andrew Cogliano.
19:52 of 1st period - Stopped by Kari Lehtonen without a rebound.
19:53 of 1st period - Robert Nilsson wins face-off versus Gilbert Brule in Canucks zone.
19:53 of 1st period - Robert Nilsson is hit by Jeff Schultz.
19:59 of 1st period - Slapshot by Kurtis Foster.
19:59 of 1st period - Stopped by Michal Neuvirth with a rebound.
Goals for this period are 1 for Canucks vs 3 for Penguins.
Shots for this period are 12 for Canucks vs 14 for Penguins.
2nd period
0:01 of 2nd period - Steven Stamkos wins face-off versus Robert Nilsson in neutral zone.
0:08 of 2nd period - Jeff Skinner is hit by Kurtis Foster and loses puck.
0:24 of 2nd period - Icing by Danny DeKeiser.
0:25 of 2nd period - Steven Stamkos wins face-off versus Brandon Sutter in Penguins zone.
0:32 of 2nd period - Slapshot by Andrew Cogliano.
0:32 of 2nd period - Shot Misses the Net.
0:34 of 2nd period - Slapshot by Danny DeKeiser.
0:34 of 2nd period - Stopped by Kari Lehtonen with a rebound.
0:36 of 2nd period - Slapshot by Keith Aulie.
0:36 of 2nd period - Stopped by Kari Lehtonen with a rebound.
0:52 of 2nd period - Jeremy Morin is hit by Steven Stamkos and loses puck.
0:57 of 2nd period - Wrist shot by Nikita Kucherov.
0:57 of 2nd period - Shot Misses the Net.
0:59 of 2nd period - Snap shot by Steven Stamkos.
0:59 of 2nd period - Shot Misses the Net.
1:19 of 2nd period - Wrist shot by Loui Eriksson.
1:19 of 2nd period - Stopped by Michal Neuvirth without a rebound.
1:20 of 2nd period - Robert Nilsson wins face-off versus Gilbert Brule in Penguins zone.
1:41 of 2nd period - Snap shot by Loui Eriksson.
1:41 of 2nd period - Stopped by Michal Neuvirth without a rebound.
1:42 of 2nd period - James Wright wins face-off versus Steven Stamkos in Penguins zone.
2:14 of 2nd period - Snap shot by Daniel Carcillo.
2:14 of 2nd period - Goal by Daniel Carcillo - Canucks : 1 - Penguins : 4.
2:14 of 2nd period - Braden Holtby enters game.
2:15 of 2nd period - Steven Stamkos wins face-off versus Robert Nilsson in neutral zone.
2:30 of 2nd period - Snap shot by Robert Nilsson.
2:30 of 2nd period - Shot Misses the Net.
2:32 of 2nd period - Slapshot by Tyler Toffoli.
2:32 of 2nd period - Goal by Tyler Toffoli - Canucks : 2 - Penguins : 4.
2:33 of 2nd period - Steven Stamkos wins face-off versus Robert Nilsson in neutral zone.
2:40 of 2nd period - Icing by Robert Nilsson.
2:41 of 2nd period - Robert Nilsson wins face-off versus Steven Stamkos in Canucks zone.
3:10 of 2nd period - Snap shot by Steven Stamkos.
3:10 of 2nd period - Stopped by Braden Holtby with a rebound.
3:18 of 2nd period - Snap shot by Steven Stamkos.
3:18 of 2nd period - Shot Blocked by Kurtis Foster.
3:20 of 2nd period - Slapshot by Steven Stamkos.
3:20 of 2nd period - Deflect By Nikita Kucherov.
3:20 of 2nd period - Shot Misses the Net.
3:20 of 2nd period - Puck is out of play.
3:21 of 2nd period - Gilbert Brule wins face-off versus Brandon Sutter in Canucks zone.
4:14 of 2nd period - Slapshot by Sean Monahan.
4:14 of 2nd period - Shot Misses the Net.
4:54 of 2nd period - Wrist shot by Jason Akeson.
4:54 of 2nd period - Shot Blocked by Keith Aulie.
5:10 of 2nd period - Wrist shot by Joe Colborne.
5:10 of 2nd period - Stopped by Braden Holtby with a rebound.
5:41 of 2nd period - Slapshot by Steven Stamkos.
5:41 of 2nd period - Deflect By Nikita Kucherov.
5:41 of 2nd period - Stopped by Braden Holtby with a rebound.
5:52 of 2nd period - Minor Penalty to Lane MacDermid for Holding Stick.
5:53 of 2nd period - Steven Stamkos wins face-off versus Robert Nilsson in Canucks zone.
6:06 of 2nd period - Snap shot by Nikita Kucherov.
6:06 of 2nd period - Goal by Nikita Kucherov - Canucks : 2 - Penguins : 5.
6:07 of 2nd period - Robert Nilsson wins face-off versus Steven Stamkos in neutral zone.
6:18 of 2nd period - Wrist shot by Tyler Toffoli.
6:18 of 2nd period - Shot Blocked by Jeff Skinner.
6:34 of 2nd period - Gilbert Brule is hit by Jeremy Morin and loses puck.
6:40 of 2nd period - Minor Penalty to Daniel Sedin for Cross-checking.
6:41 of 2nd period - Jeff Skinner wins face-off versus Robert Nilsson in Canucks zone.
6:49 of 2nd period - Wrist shot by Nikita Kucherov.
6:49 of 2nd period - Stopped by Braden Holtby without a rebound.
6:50 of 2nd period - Robert Nilsson wins face-off versus Steven Stamkos in Canucks zone.
6:59 of 2nd period - Slapshot by Drew Fata.
6:59 of 2nd period - Stopped by Michal Neuvirth without a rebound.
7:00 of 2nd period - Robert Nilsson wins face-off versus Steven Stamkos in Penguins zone.
7:09 of 2nd period - Wrist shot by Keith Aulie.
7:09 of 2nd period - Shot Blocked by Robert Nilsson.
7:11 of 2nd period - Snap shot by Steven Stamkos.
7:11 of 2nd period - Stopped by Braden Holtby without a rebound.
7:12 of 2nd period - Robert Nilsson wins face-off versus Steven Stamkos in Canucks zone.
7:25 of 2nd period - Icing by Keith Aulie.
7:26 of 2nd period - Robert Nilsson wins face-off versus Steven Stamkos in Penguins zone.
8:13 of 2nd period - Wrist shot by Loui Eriksson.
8:13 of 2nd period - Shot Misses the Net.
8:40 of 2nd period - Penalty to Daniel Sedin is over, Daniel Sedin is back on ice.
8:51 of 2nd period - Wrist shot by Jeff Skinner.
8:51 of 2nd period - Stopped by Braden Holtby without a rebound.
8:52 of 2nd period - Gilbert Brule wins face-off versus Brandon Sutter in Canucks zone.
9:05 of 2nd period - Slapshot by Mark Stone.
9:05 of 2nd period - Shot Misses the Net.
9:07 of 2nd period - Wrist shot by Gilbert Brule.
9:07 of 2nd period - Goal by Gilbert Brule - Canucks : 2 - Penguins : 6.
9:08 of 2nd period - Gilbert Brule wins face-off versus Robert Nilsson in neutral zone.
9:11 of 2nd period - Snap shot by Gilbert Brule.
9:11 of 2nd period - Shot Blocked by Kurtis Foster.
9:13 of 2nd period - Slapshot by Jeff Schultz.
9:13 of 2nd period - Stopped by Braden Holtby with a rebound.
9:23 of 2nd period - Snap shot by Gilbert Brule.
9:23 of 2nd period - Shot Misses the Net.
9:25 of 2nd period - Slapshot by Jeff Schultz.
9:25 of 2nd period - Shot Misses the Net.
9:35 of 2nd period - Kurtis Foster is hit by Cal Clutterbuck and loses puck.
9:42 of 2nd period - Snap shot by Drew Fata.
9:42 of 2nd period - Deflect By Brandon Sutter.
9:42 of 2nd period - Shot Blocked by Cal Clutterbuck.
9:42 of 2nd period - Puck is out of play.
9:43 of 2nd period - James Wright wins face-off versus Joe Colborne in Penguins zone.
9:44 of 2nd period - Snap shot by Jason Akeson.
9:44 of 2nd period - Stopped by Michal Neuvirth with a rebound.
9:50 of 2nd period - Wrist shot by Keith Aulie.
9:50 of 2nd period - Shot Misses the Net.
10:10 of 2nd period - Mike Komisarek is hit by Danny DeKeiser.
10:18 of 2nd period - Snap shot by Nikita Kucherov.
10:18 of 2nd period - Shot Misses the Net.
10:53 of 2nd period - Icing by Drew Fata.
10:54 of 2nd period - Gilbert Brule wins face-off versus Sergey Kalinin in Canucks zone.
11:21 of 2nd period - Tyler Toffoli is hit by Keith Aulie and loses puck.
11:51 of 2nd period - Off-side.
11:52 of 2nd period - Gilbert Brule wins face-off versus Robert Nilsson in neutral zone.
12:18 of 2nd period - Mark Stone is hit by Kurtis Foster and loses puck.
13:01 of 2nd period - Seth Helgeson is hit by Joe Colborne and loses puck.
13:19 of 2nd period - Icing by Seth Helgeson.
13:20 of 2nd period - Robert Nilsson wins face-off versus Sean Monahan in Canucks zone.
14:14 of 2nd period - Slapshot by Sean Monahan.
14:14 of 2nd period - Shot Misses the Net.
14:16 of 2nd period - Wrist shot by Marian Hossa.
14:16 of 2nd period - Shot Blocked by Tyler Toffoli.
14:18 of 2nd period - Snap shot by Marian Hossa.
14:18 of 2nd period - Deflect By Marcus Foligno.
14:18 of 2nd period - Goal by Marcus Foligno - Canucks : 2 - Penguins : 7.
14:19 of 2nd period - Brandon Sutter wins face-off versus Steven Stamkos in neutral zone.
14:22 of 2nd period - Nikita Kucherov is hit by Brandon Sutter and loses puck.
14:29 of 2nd period - Snap shot by Jeremy Morin.
14:29 of 2nd period - Shot Blocked by Jake McCabe.
14:31 of 2nd period - Slapshot by Kurtis Foster.
14:31 of 2nd period - Stopped by Michal Neuvirth without a rebound.
14:32 of 2nd period - Steven Stamkos wins face-off versus James Wright in Penguins zone.
15:02 of 2nd period - Wrist shot by Tyler Toffoli.
15:02 of 2nd period - Stopped by Michal Neuvirth with a rebound.
15:04 of 2nd period - Wrist shot by Drew Fata.
15:04 of 2nd period - Shot Misses the Net.
15:28 of 2nd period - Daniel Sedin is hit by Joe Colborne and loses puck.
16:04 of 2nd period - Off-side.
16:05 of 2nd period - James Wright wins face-off versus Steven Stamkos in neutral zone.
16:34 of 2nd period - Slapshot by Jake McCabe.
16:34 of 2nd period - Shot Blocked by Tyler Toffoli.
16:58 of 2nd period - Wrist shot by Daniel Sedin.
16:58 of 2nd period - Stopped by Michal Neuvirth with a rebound.
17:00 of 2nd period - Slapshot by Seth Helgeson.
17:00 of 2nd period - Stopped by Michal Neuvirth with a rebound.
17:24 of 2nd period - Wrist shot by Spencer Machacek.
17:24 of 2nd period - Stopped by Michal Neuvirth without a rebound.
17:25 of 2nd period - Steven Stamkos wins face-off versus Robert Nilsson in Penguins zone.
17:32 of 2nd period - Snap shot by Tyler Toffoli.
17:32 of 2nd period - Stopped by Michal Neuvirth without a rebound.
17:33 of 2nd period - Steven Stamkos wins face-off versus Robert Nilsson in Penguins zone.
18:00 of 2nd period - Slapshot by Robert Nilsson.
18:00 of 2nd period - Stopped by Michal Neuvirth without a rebound.
18:01 of 2nd period - Brandon Sutter wins face-off versus Gilbert Brule in Penguins zone.
18:02 of 2nd period - Slapshot by Daniel Sedin.
18:02 of 2nd period - Shot Blocked by Gilbert Brule.
18:04 of 2nd period - Slapshot by Drew Fata.
18:04 of 2nd period - Shot Misses the Net.
18:06 of 2nd period - Slapshot by Drew Fata.
18:06 of 2nd period - Shot Misses the Net.
18:08 of 2nd period - Wrist shot by Daniel Sedin.
18:08 of 2nd period - Shot Misses the Net.
18:10 of 2nd period - Snap shot by Brandon Sutter.
18:10 of 2nd period - Shot Misses the Net.
18:52 of 2nd period - Wrist shot by Tyler Toffoli.
18:52 of 2nd period - Shot Blocked by Steven Stamkos.
19:18 of 2nd period - Snap shot by Jeremy Morin.
19:18 of 2nd period - Deflect By Steven Stamkos.
19:18 of 2nd period - Stopped by Michal Neuvirth without a rebound.
19:19 of 2nd period - Gilbert Brule wins face-off versus Brandon Sutter in Penguins zone.
19:52 of 2nd period - Wrist shot by Jeremy Morin.
19:52 of 2nd period - Shot Misses the Net.
19:54 of 2nd period - Slapshot by Mike Komisarek.
19:54 of 2nd period - Deflect By Alexei Marchenko.
19:54 of 2nd period - Stopped by Michal Neuvirth with a rebound.
19:56 of 2nd period - Slapshot by Seth Helgeson.
19:56 of 2nd period - Shot Misses the Net.
19:58 of 2nd period - Slapshot by Mike Komisarek.
19:58 of 2nd period - Deflect By Gilbert Brule.
19:58 of 2nd period - Stopped by Michal Neuvirth with a rebound.
Goals for this period are 1 for Canucks vs 4 for Penguins.
Shots for this period are 15 for Canucks vs 13 for Penguins.
3rd period
0:01 of 3rd period - Steven Stamkos wins face-off versus Robert Nilsson in neutral zone.
0:45 of 3rd period - Snap shot by Loui Eriksson.
0:45 of 3rd period - Stopped by Michal Neuvirth with a rebound.
0:47 of 3rd period - Snap shot by Tyler Toffoli.
0:47 of 3rd period - Shot Blocked by Steven Stamkos.
0:49 of 3rd period - Snap shot by Tyler Toffoli.
0:49 of 3rd period - Stopped by Michal Neuvirth with a rebound.
0:51 of 3rd period - Snap shot by Tyler Toffoli.
0:51 of 3rd period - Shot Misses the Net.
0:53 of 3rd period - Wrist shot by Kurtis Foster.
0:53 of 3rd period - Shot Misses the Net.
0:55 of 3rd period - Wrist shot by Tyler Toffoli.
0:55 of 3rd period - Stopped by Michal Neuvirth with a rebound.
0:57 of 3rd period - Snap shot by Kurtis Foster.
0:57 of 3rd period - Shot Blocked by Steven Stamkos.
0:59 of 3rd period - Slapshot by Kurtis Foster.
0:59 of 3rd period - Stopped by Michal Neuvirth without a rebound.
1:00 of 3rd period - James Wright wins face-off versus Mark Stone in Penguins zone.
1:03 of 3rd period - Snap shot by Jason Akeson.
1:03 of 3rd period - Stopped by Michal Neuvirth with a rebound.
1:05 of 3rd period - Slapshot by Ryane Clowe.
1:05 of 3rd period - Shot Misses the Net.
1:25 of 3rd period - Jeff Schultz is hit by Seth Helgeson.
1:29 of 3rd period - Snap shot by Sergey Kalinin.
1:29 of 3rd period - Stopped by Michal Neuvirth without a rebound.
1:30 of 3rd period - Joe Colborne wins face-off versus Sergey Kalinin in Penguins zone.
2:35 of 3rd period - Brandon Sutter is hit by Nikita Kucherov.
3:01 of 3rd period - Slapshot by Daniel Sedin.
3:01 of 3rd period - Stopped by Michal Neuvirth with a rebound.
3:17 of 3rd period - Wrist shot by Brandon Sutter.
3:17 of 3rd period - Stopped by Michal Neuvirth without a rebound.
3:18 of 3rd period - Robert Nilsson wins face-off versus Gilbert Brule in Penguins zone.
3:21 of 3rd period - Wrist shot by Robert Nilsson.
3:21 of 3rd period - Stopped by Michal Neuvirth without a rebound.
3:22 of 3rd period - Robert Nilsson wins face-off versus Gilbert Brule in Penguins zone.
3:23 of 3rd period - Slapshot by Tyler Toffoli.
3:23 of 3rd period - Stopped by Michal Neuvirth without a rebound.
3:24 of 3rd period - Robert Nilsson wins face-off versus Gilbert Brule in Penguins zone.
3:29 of 3rd period - Snap shot by Tyler Toffoli.
3:29 of 3rd period - Shot Blocked by Andrew Cogliano.
3:31 of 3rd period - Slapshot by Robert Nilsson.
3:31 of 3rd period - Shot Misses the Net.
3:33 of 3rd period - Snap shot by Loui Eriksson.
3:33 of 3rd period - Stopped by Michal Neuvirth with a rebound.
3:35 of 3rd period - Snap shot by Robert Nilsson.
3:35 of 3rd period - Shot Misses the Net.
4:12 of 3rd period - Slapshot by Gilbert Brule.
4:12 of 3rd period - Stopped by Braden Holtby without a rebound.
4:13 of 3rd period - Loui Eriksson wins face-off versus Steven Stamkos in Canucks zone.
4:42 of 3rd period - Mike Komisarek is hit by Cal Clutterbuck.
5:08 of 3rd period - Slapshot by Danny DeKeiser.
5:08 of 3rd period - Shot Blocked by Jeremy Morin.
5:35 of 3rd period - Off-side.
5:36 of 3rd period - Robert Nilsson wins face-off versus Gilbert Brule in neutral zone.
5:49 of 3rd period - Snap shot by Gilbert Brule.
5:49 of 3rd period - Goal by Gilbert Brule - Canucks : 2 - Penguins : 8.
5:49 of 3rd period - Kari Lehtonen enters game.
5:50 of 3rd period - Steven Stamkos wins face-off versus Robert Nilsson in neutral zone.
5:59 of 3rd period - Jeff Skinner is hit by Loui Eriksson.
6:45 of 3rd period - Off-side.
6:46 of 3rd period - Robert Nilsson wins face-off versus Steven Stamkos in neutral zone.
7:36 of 3rd period - Snap shot by Sergey Kalinin.
7:36 of 3rd period - Shot Blocked by Keith Aulie.
7:38 of 3rd period - Slapshot by Seth Helgeson.
7:38 of 3rd period - Shot Blocked by Keith Aulie.
7:40 of 3rd period - Wrist shot by Spencer Machacek.
7:40 of 3rd period - Stopped by Michal Neuvirth without a rebound.
7:41 of 3rd period - Gilbert Brule wins face-off versus Sergey Kalinin in Penguins zone.
7:57 of 3rd period - Snap shot by Gilbert Brule.
7:57 of 3rd period - Deflect By Mike Komisarek.
7:57 of 3rd period - Stopped by Kari Lehtonen with a rebound.
8:57 of 3rd period - Gilbert Brule is hit by Jonathan Blum and loses puck.
9:14 of 3rd period - Drew Fata is hit by Keith Aulie and loses puck.
9:38 of 3rd period - Off-side.
9:39 of 3rd period - Robert Nilsson wins face-off versus Gilbert Brule in neutral zone.
10:31 of 3rd period - Wrist shot by Daniel Carcillo.
10:31 of 3rd period - Shot Blocked by Kurtis Foster.
10:55 of 3rd period - Wrist shot by Lane MacDermid.
10:55 of 3rd period - Shot Blocked by Alexei Marchenko.
11:33 of 3rd period - Backhand shot by Jason Akeson.
11:33 of 3rd period - Shot Misses the Net.
11:35 of 3rd period - Slapshot by Wiley Sherman.
11:35 of 3rd period - Stopped by Michal Neuvirth with a rebound.
12:31 of 3rd period - Wrist shot by Nikita Kucherov.
12:31 of 3rd period - Shot Misses the Net.
12:51 of 3rd period - Backhand shot by Cal Clutterbuck.
12:51 of 3rd period - Shot Misses the Net.
13:50 of 3rd period - Wrist shot by Brandon Sutter.
13:50 of 3rd period - Stopped by Michal Neuvirth with a rebound.
13:52 of 3rd period - Snap shot by Daniel Sedin.
13:52 of 3rd period - Shot Misses the Net.
15:36 of 3rd period - Sean Monahan is hit by Kurtis Foster.
16:12 of 3rd period - Slapshot by Alexei Marchenko.
16:12 of 3rd period - Shot Misses the Net.
17:09 of 3rd period - Wrist shot by Brandon Sutter.
17:09 of 3rd period - Goal by Brandon Sutter - Canucks : 3 - Penguins : 8.
17:10 of 3rd period - Steven Stamkos wins face-off versus Robert Nilsson in neutral zone.
17:23 of 3rd period - Slapshot by Steven Stamkos.
17:23 of 3rd period - Shot Misses the Net.
17:37 of 3rd period - Seth Helgeson is hit by Gilbert Brule and loses puck.
17:51 of 3rd period - Jason Akeson is hit by Andrew Cogliano and loses puck.
18:05 of 3rd period - Minor Penalty to Daniel Carcillo for Roughing.
18:06 of 3rd period - Robert Nilsson wins face-off versus Steven Stamkos in Penguins zone.
18:52 of 3rd period - Snap shot by Spencer Machacek.
18:52 of 3rd period - Shot Misses the Net.
18:54 of 3rd period - Slapshot by Jonathan Blum.
18:54 of 3rd period - Shot Blocked by Andrew Cogliano.
19:53 of 3rd period - Slapshot by Spencer Machacek.
19:53 of 3rd period - Shot Misses the Net.
19:55 of 3rd period - Slapshot by Wiley Sherman.
19:55 of 3rd period - Stopped by Michal Neuvirth with a rebound.
19:57 of 3rd period - Snap shot by Spencer Machacek.
19:57 of 3rd period - Stopped by Michal Neuvirth without a rebound.
19:58 of 3rd period - Robert Nilsson wins face-off versus Steven Stamkos in Penguins zone.
Goals for this period are 1 for Canucks vs 1 for Penguins.
Shots for this period are 17 for Canucks vs 3 for Penguins.